AoeStats
← gabrielaA23

Arena

506534796Analyzed
2v2 RM · 20d ago on Sep 13, 2026· 42m 2s· 4 players
Game mode
Random Map
Map size
Medium (4 player)
Population
200
Speed
Normal
Resources
Standard
Victory
Conquest
Starting age
Dark Age
Ending age
Imperial Age
RankedLock teamsTeams togetherTeam positionsShared explorationLock speedFull tech treeHidden civsTurbo modeCheats
Victory
Defeat
🇦🇷 Britons · Argentina
724
+15
🇦🇷 Celts · Argentina
707
+16
🇦🇷 Teutons · Argentina
800
-53
🇦🇷 Turks · Argentina
606
-19
gabrielaA23
14:00 Feudal Age
14:56 Horse Collar
20:40 Castle Age
19:05 Double-Bit Axe
19:55 Stone Mining
20:41 Gold Mining
23:06 Bow Saw
24:04 Gold Shaft Mining
25:54 Heavy Plow
28:44 Caravan
31:31 Padded Archer Armor
31:33 Scale Mail Armor
31:23 Fletching
39:47 Imperial Age
37:54 Wheelbarrow
chemadc5965
11:07 Feudal Age
16:38 Double-Bit Axe
17:31 Wheelbarrow
22:27 Castle Age
24:24 Stone Mining
24:25 Gold Mining
32:25 Imperial Age
San rivera
11:20 Feudal Age
9:36 Loom
18:59 Castle Age
17:31 Double-Bit Axe
18:08 Gold Mining
18:14 Horse Collar
19:16 Stone Mining
23:44 Forging
23:24 Fletching
30:58 Imperial Age
29:02 Ballistics
29:02 Bodkin Arrow
29:07 Padded Archer Armor
29:48 Husbandry
31:29 Wheelbarrow
31:12 Caravan
31:09 Capped Ram
32:34 Gold Shaft Mining
32:01 Murder Holes
32:40 Block Printing
33:54 Bracer
34:23 Siege Engineers
35:20 Conscription
35:56 Hand Cart
35:29 Town Watch
36:42 Light Cavalry
37:44 Leather Archer Armor
38:52 Chemistry
39:09 Elite Longbowman
40:47 Yeomen
Estereotype
4:18 Loom
11:26 Feudal Age
12:04 Double-Bit Axe
12:06 Horse Collar
20:20 Castle Age
18:42 Gold Mining
18:45 Stone Mining
21:43 Bow Saw
30:21 Imperial Age
28:26 Caravan
30:30 Heavy Scorpion
36:49 Capped Ram
38:13 Furor Celtica
39:10 Ballistics
Connection lost

Rejoining the realm…

Still unreachable

The connection could not be restored.

Session expired

The server has moved on; the page needs a fresh start.